 Dungeon Crawl Stone Soup version 0.31-a0-931-g7b59d4eb97 (webtiles) character file.

Game seed: 14937993546100944438

309 miscthings the Charlatan (level 6, -14/47 HPs)
             Began as a Gnoll Artificer on Oct 20, 2023.
             Demolished by an ogre
             ... wielding a +0 giant club
              (17 damage)
             ... on level 5 of the Dungeon.
             The game lasted 00:06:56 (3510 turns).

miscthings the Charlatan (Gnoll Artificer)          Turns: 3510, Time: 00:06:56

Health: -14/47     AC: 14    Str: 13    XL:     6   Next: 41%
Magic:  9/9        EV: 10    Int: 16    God:
Gold:   204        SH:  0    Dex: 13    Spells: 3/9 levels left

rFire   . . .        g - +1 dagger (protect)
rCold   . . .        (no shield)
rNeg    . . .        h - +0 scale mail
rPois   .            (no helmet)
rElec   .            (no cloak)
rCorr   .            (no gloves)
SInv    .            (no boots)
Will    .....        (no amulet)
Stlth   +            i - ring of wizardry
HPRegen 0.27/turn    s - +6 ring of intelligence
MPRegen 0.11/turn

%: wizardry (x1)
@: under a protective aura
A: fangs 1, strong nose, distributed training
a: no special abilities


You were on level 5 of the Dungeon.
You visited 1 branch of the dungeon, and saw 5 of its levels.

You collected 204 gold pieces.

Inventory:

Hand Weapons
 g - a +1 dagger of protection (weapon)
 k - a +0 broad axe
 x - a +0 dagger of speed
Missiles
 l - a throwing net
Armour
 b - a +0 leather armour
 h - a +0 scale mail (worn)
Jewellery
 f - a ring of magical power
 i - a ring of wizardry (left hand)
 s - a +6 ring of intelligence (right hand)
Wands
 c - a wand of flame (13) (quivered)
 d - a wand of charming (14)
 e - a wand of iceblast (4)
Scrolls
 a - a scroll of enchant weapon {unknown}
 p - a scroll of poison {unknown}
 q - a scroll of amnesia {unknown}
 r - a scroll of revelation {unknown}
 u - 2 scrolls of vulnerability {unknown}
 v - 2 scrolls of blinking {unknown}
 w - a scroll of fear {unknown}
 y - a scroll of identify {@r1}
Potions
 j - 2 potions of curing
 m - a potion of berserk rage
 n - a potion of mutation
 o - a potion of heal wounds
 t - a potion of ambrosia {unknown}
 z - a potion of attraction {unknown}


   Skills:
 + Level 3.2 Fighting
 + Level 2.0 Short Blades
 + Level 2.0 Long Blades
 + Level 2.0 Axes
 + Level 2.0 Maces & Flails
 + Level 2.0 Polearms
 + Level 2.0 Staves
 + Level 2.0 Ranged Weapons
 + Level 2.0 Throwing
 + Level 5.0 Armour
 + Level 3.2 Dodging
 + Level 3.1 Stealth
 + Level 2.0 Shields
 + Level 2.0 Unarmed Combat
 + Level 2.0 Spellcasting
 + Level 1.5 Conjurations
 + Level 1.5 Hexes
 + Level 1.5 Summonings
 + Level 1.5 Necromancy
 + Level 1.5 Translocations
 + Level 1.5 Transmutations
 + Level 1.5 Fire Magic
 + Level 1.5 Ice Magic
 + Level 1.5 Air Magic
 + Level 1.5 Earth Magic
 + Level 1.5 Poison Magic
 + Level 2.2 Invocations
 + Level 6.8 Evocations
 + Level 1.8 Shapeshifting


You had 3 spell levels left.
You knew the following spells:

 Your Spells              Type           Power      Damage    Failure   Level
a - Confusing Touch       Hex            6%         N/A       45%         3
b - Tukima's Dance        Hex            6%         N/A       45%         3

Your spell library contained the following spells:

 Spells                   Type           Power      Damage    Failure   Level
 Apportation              Tloc           12%        N/A       17%         1
 Kiss of Death            Conj/Necr      24%        2d7       17%         1
 Necrotise                Necr           24%        1d5       17%         1
 Summon Small Mammal      Summ           24%        N/A       17%         1
 Ozocubu's Armour         Ice            6%         N/A       45%         3
 Dispel Undead            Necr           6%         3d8       85%         4
 Passage of Golubria      Tloc           6%         N/A       85%         4
 Yara's Violent Unravell  Hex/Tmut       3%         3d4       99%         5
 Ozocubu's Refrigeration  Ice            3%         4d8       100%        7


Dungeon Overview and Level Annotations

Branches:
Dungeon (5/15)
 Temple: D:4-7

Altars:
Dithmenos
Elyvilon
Fedhas
Hepliaklqana
Nemelex Xobeh
Uskayaw
Xom
The Shining One

Annotations:
D:4 3 runed translucent doors, Cadnt's ghost, amateur MiHu; benadryl's ghost, weakling DgVM; justen's ghost, amateur FeSh


Innate Abilities, Weirdness & Mutations

You have very sharp teeth.
Your uncanny sense of smell can sniff out nearby items.
Your experience applies equally to all skills.


Message History

Found 5 stones.
An ogre comes into view. It is wielding a +0 giant club.
The ogre shouts!
You barely miss the ogre. You punch the ogre. You bite the ogre.
The ogre is lightly wounded.
The ogre barely misses you.
You hit the ogre.
Your weapon exudes an aura of protection.
The ogre is lightly wounded.
The ogre hits you with a +0 giant club.
You hit the ogre.
The ogre is lightly wounded.
You hit the ogre.
The ogre is moderately wounded.
The ogre barely misses you.
You hit the ogre.
The ogre is moderately wounded.
You hit the ogre.
The ogre is moderately wounded.
The ogre hits you with a +0 giant club!
You hit the ogre.
The ogre is moderately wounded.
The ogre hits you with a +0 giant club.
You hit the ogre. You bite the ogre.
The ogre is heavily wounded.
You barely miss the ogre. You bite the ogre.
The ogre is heavily wounded.
The ogre hits you with a +0 giant club!
You are too injured to fight recklessly!
You hit the ogre.
The ogre is severely wounded.
You are too injured to fight recklessly!
You hit the ogre but do no damage. You bite the ogre.
The ogre is severely wounded.
The ogre hits you with a +0 giant club!
* * * LOW HITPOINT WARNING * * *
You hit the ogre but do no damage. You bite the ogre, but do no damage.
The ogre is severely wounded.
The ogre hits you with a +0 giant club!
You die...

∆ .# .. ##. # ..####
.### #..#. ... ..(
...# ∆ #O###.#.#
#@#...#.# #.#.###.#
...#.#.#.#...#
.._........._.#
....#.#.#.#...######
.. #.#.#.###.)..).#
. #.#.. #....<)# .#
#.###.#.....)# ..
... .........#


You could see an ogre.

Vanquished Creatures
  A gnoll bouda (D:4)
  An iguana (D:4)
  2 orc wizards (D:3)
  4 gnolls (D:4)
  6 adders
  A worm (D:4)
  A dart slug (D:1)
  11 orcs
  2 ball pythons (D:2)
  7 endoplasms
  2 giant cockroaches
  4 goblins
  2 hobgoblins
  7 jackals
  6 kobolds
  A quokka (D:4)
  6 bats
  3 frilled lizards
  8 rats
75 creatures vanquished.

Vanquished Creatures (collateral kills)
  An orc wizard (D:5)
1 creature vanquished.

Vanquished Creatures (others)
  A water moccasin (D:5)
1 creature vanquished.

Grand Total: 77 creatures vanquished

Notes
Turn   | Place    | Note
-------+----------+-------------------------------------------
     0 | D:1      | miscthings the Gnoll Artificer began the quest for the Orb.
     0 | D:1      | Reached XP level 1. HP: 17/17 MP: 1/1
   707 | D:1      | Reached XP level 2. HP: 23/23 MP: 2/2
  1079 | D:2      | Reached XP level 3. HP: 27/28 MP: 3/3
  1127 | D:2      | Learned a level 3 spell: Confusing Touch
  1141 | D:2      | Reached skill level 1 in Invocations
  1287 | D:2      | Reached skill level 1 in Short Blades
  1287 | D:2      | Reached skill level 1 in Long Blades
  1287 | D:2      | Reached skill level 1 in Axes
  1287 | D:2      | Reached skill level 1 in Maces & Flails
  1287 | D:2      | Reached skill level 1 in Polearms
  1287 | D:2      | Reached skill level 1 in Staves
  1287 | D:2      | Reached skill level 1 in Ranged Weapons
  1287 | D:2      | Reached skill level 1 in Throwing
  1287 | D:2      | Reached skill level 1 in Shields
  1287 | D:2      | Reached skill level 1 in Unarmed Combat
  1287 | D:2      | Reached skill level 1 in Spellcasting
  1460 | D:2      | Reached XP level 4. HP: 31/34 MP: 5/5
  1908 | D:3      | Reached skill level 1 in Shapeshifting
  1930 | D:3      | Found a blossoming altar of Fedhas.
  1952 | D:3      | Reached skill level 1 in Conjurations
  1952 | D:3      | Reached skill level 1 in Hexes
  1952 | D:3      | Reached skill level 1 in Summonings
  1952 | D:3      | Reached skill level 1 in Necromancy
  1952 | D:3      | Reached skill level 1 in Translocations
  1952 | D:3      | Reached skill level 1 in Transmutations
  1952 | D:3      | Reached skill level 1 in Fire Magic
  1952 | D:3      | Reached skill level 1 in Ice Magic
  1952 | D:3      | Reached skill level 1 in Air Magic
  1952 | D:3      | Reached skill level 1 in Earth Magic
  1952 | D:3      | Reached skill level 1 in Poison Magic
  2267 | D:3      | Found a white marble altar of Elyvilon.
  2268 | D:3      | Found a glowing golden altar of the Shining One.
  2343 | D:3      | Reached XP level 5. HP: 29/40 MP: 5/7
  2418 | D:3      | Found a shimmering altar of Xom.
  2752 | D:4      | Found a hazy altar of Hepliaklqana.
  2792 | D:4      | Found a runed translucent gate.
  2792 | D:4      | Found a runed translucent gate.
  2792 | D:4      | Found a runed translucent gate.
  2940 | D:4      | Found a hide-covered altar of Uskayaw.
  3041 | D:4      | Reached XP level 6. HP: 38/47 MP: 8/8
  3122 | D:4      | Noticed justen's ghost (amateur FeSh)
  3122 | D:4      | Noticed Cadnt's ghost (amateur MiHu)
  3122 | D:4      | Noticed benadryl's ghost (weakling DgVM)
  3439 | D:5      | Entered Level 5 of the Dungeon
  3439 | D:5      | Noticed a water moccasin
  3439 | D:5      | Found a sparkling altar of Nemelex Xobeh.
  3452 | D:5      | Reached skill level 5 in Armour
  3478 | D:5      | Found a shadowy altar of Dithmenos.
  3485 | D:5      | Learned a level 3 spell: Tukima's Dance
  3510 | D:5      | Demolished by an ogre

Illustrated notes

Levels and vault maps discovered:
D:1:      nzn_arrival_water_spiral, layout_loops_ring, serial_forest,
          infiniplex_forest_corner_1, infiniplex_forest_straight_3,
          infiniplex_forest_corner_2, infiniplex_forest_clump_large,
          infiniplex_forest_zigzag_2, infiniplex_forest_lined_2,
          infiniplex_forest_lined_2, infiniplex_forest_straight_2,
          minmay_split_cup_small
D:2:      layout_rooms
D:3:      layout_basic, lemuel_doored_altar, mainiacjoe_overflow_divided_tiny,
          mainiacjoe_overflow_tiny_flanked
D:4:      layout_loops_ring, mainiacjoe_overflow_concentric_impassable,
          eat_drink_and_be_merry_uskayaw, gammafunk_ghost_cemetery
D:5:      layout_loops_cross, mainiacjoe_overflow_large_starburst,
          lemuel_coloured_pillars_altar, lightli_sewer_entry_pipes

Skill      XL: |  1  2  3  4  5  6 |
---------------+-------------------+-----
Invocations    | 1 2 |  2.2
Short Blades   | 1 2 |  2.0
Long Blades    | 1 2 |  2.0
Axes           | 1 2 |  2.0
Maces & Flails | 1 2 |  2.0
Polearms       | 1 2 |  2.0
Staves         | 1 2 |  2.0
Ranged Weapons | 1 2 |  2.0
Throwing       | 1 2 |  2.0
Shields        | 1 2 |  2.0
Unarmed Combat | 1 2 |  2.0
Spellcasting   | 1 2 |  2.0
Shapeshifting  | 1 |  1.8
Conjurations   | 1 |  1.5
Hexes          | 1 |  1.5
Summonings     | 1 |  1.5
Necromancy     | 1 |  1.5
Translocations | 1 |  1.5
Transmutations | 1 |  1.5
Fire Magic     | 1 |  1.5
Ice Magic      | 1 |  1.5
Air Magic      | 1 |  1.5
Earth Magic    | 1 |  1.5
Poison Magic   | 1 |  1.5
Fighting       | 3 |  3.2
Dodging        | 3 |  3.2
Stealth        | 3 |  3.1
Armour         | 5 |  5.0
Evocations     | |  6.8

Action                     |  1- 3 |  4- 6 || total
---------------------------+-------+-------++-------
  Melee: Spear             |   227 |    18 ||   245
         Club              |    41 |       ||    41
         Bite              |    35 |    65 ||   100
         Punch             |     2 |    11 ||    13
         Long sword        |       |   114 ||   114
         Dagger            |       |   326 ||   326
  Evoke: Wand              |       |     4 ||     4
    Use: Scroll            |       |     4 ||     4
 Armour: Leather armour    |    19 |       ||    19
         Scale mail        |   102 |   192 ||   294
  Dodge: Dodged            |   100 |   133 ||   233

Table legend: (Time is in decaauts)
 A = Elapsed time spent in this place.
 B = Non-inter-level travel time spent in this place.
 C = Inter-level travel time spent in this place.
 D = Time resting spent in this place.
 E = Time spent auto-exploring this place.
 F = Levels seen in this place.
 G = Mean time per level.
                   A        B        C        D        E       F      G
               +--------+--------+--------+--------+--------+-----+--------+
         Total |   3505 |   3261 |    244 |      0 |   2037 |   5 |  701.0 |
       Dungeon |   3505 |   3261 |    244 |      0 |   2037 |   5 |  701.0 |
               +--------+--------+--------+--------+--------+-----+--------+

Top non-repeatable levels by time:
     D:1: 1317 daAuts
     D:3: 806 daAuts
     D:4: 725 daAuts
     D:2: 589 daAuts
     D:5: 66 daAuts
